Map: [ESL] Hard Lead

Players

GunGFuBanDa - Winner!

  • Race: Protoss Protoss
  • Spawn Location: 5:00

milkicow

  • Race: Terran Terran
  • Spawn Location: 11:00

Event: ESL SC2 Masters 2023 Winter (Regional)

VOD

Have the link to the VOD?

Description

Time

  • Played on: Nov. 5, 2023, 10:32 a.m.
  • Length: 10:37

All games in this series

Show
View Real Time Build Order
Export as new Build Order

GunGFuBanDa Protoss - Winner!

Build Orders: 1 Gate Expand, Blink Stalkers, Colossus Rush 

Get SALT Encoding   

  12  0:00  Probe  
  13  0:12  Probe  
  14  0:17  Pylon  
  14  0:24  Probe (Chrono Boost)  
  15  0:36  Probe (Chrono Boost)  
  15  0:38  Gateway  
  16  0:44  Probe (Chrono Boost)  
  16  0:47  Assimilator  
  17  0:51  Probe  
  18  1:03  Probe  
  19  1:15  Probe  
  20  1:25  Cybernetics Core  
  20  1:34  Nexus  
  20  1:38  Probe  
  21  1:44  Pylon  
  21  1:50  Probe  
  21  1:52  Assimilator  
  22  1:59  Adept (Chrono Boost)  
  22  2:02  Probe  
  22  2:05  Warp Gate  
  25  2:14  Probe (Chrono Boost)  
  26  2:22  Stalker  
  28  2:26  Probe (Chrono Boost)  
  29  2:30  Twilight Council  
  29  2:35  Probe (Chrono Boost)  
  31  2:44  Probe (Chrono Boost)  
  31  2:45  Probe (Chrono Boost)  
  32  2:53  Stalker  
  32  2:54  Probe (Chrono Boost)  
  32  2:56  Probe (Chrono Boost)  
  36  2:59  Probe (Chrono Boost)  
  36  3:04  Shield Battery  
  36  3:05  Probe (Chrono Boost)  
  38  3:06  Blink (Chrono Boost)  
  38  3:14  Probe (Chrono Boost)  
  40  3:21  Gateway  
  40  3:23  Probe (Chrono Boost)  
  40  3:25  Probe (Chrono Boost)  
  41  3:32  Probe  
  42  3:34  Pylon  
  42  3:35  Probe  
  42  3:41  Robotics Facility  
  43  3:44  Probe  
  43  3:47  Probe  
  45  3:54  Pylon  
  45  3:57  Probe  
  45  3:59  Probe, Stalker  
  49  4:09  Probe  
  50  4:12  Probe  
  50  4:16  Stalker  
  53  4:21  Probe  
  53  4:24  Probe  
  54  4:30  Observer  
  54  4:33  Nexus, Probe  
  54  4:36  Probe  
  56  4:41  Assimilator  
  56  4:42  Pylon  
  56  4:45  Probe  
  57  4:48  Probe  
  57  4:51  Robotics Bay  
  58  4:54  Observer, Assimilator  
  58  4:57  Probe  
  60  5:00  Probe  
  60  5:02  Gateway  
  60  5:03  Gateway  
  61  5:09  Probe  
  61  5:12  Probe  
  63  5:15  Sentry, Pylon  
  65  5:21  Probe  
  65  5:24  Probe  
  65  5:27  Stalker  
  69  5:34  Probe (Chrono Boost)  
  70  5:36  Probe (Chrono Boost)  
  70  5:38  Observer  
  61  5:43  Colossus (Chrono Boost)  
  61  5:48  Probe (Chrono Boost)  
  61  5:49  Probe (Chrono Boost)  
  70  5:51  Probe (Chrono Boost)  
  70  5:56  Probe x2 (Chrono Boost)  
  72  6:00  Probe (Chrono Boost)  
  72  6:03  Charge (Chrono Boost), Shield Battery, Probe (Chrono Boost)  
  75  6:04  Probe (Chrono Boost)  
  76  6:14  Probe (Chrono Boost)  
  76  6:15  Probe (Chrono Boost)  
  76  6:17  Probe (Chrono Boost), Forge  
  78  6:18  Extended Thermal Lance, Gateway  
  78  6:19  Probe (Chrono Boost)  
  78  6:20  Gateway  
  78  6:22  Probe  
  81  6:25  Probe  
  81  6:29  Probe  
  81  6:31  Colossus (Chrono Boost)  
  82  6:34  Probe  
  82  6:36  Pylon  
  82  6:37  Observer  
  89  6:41  Pylon  
  89  6:47  Probe x2  
  89  6:50  Protoss Ground Weapons Level 1 (Chrono Boost)  
  89  6:52  Photon Cannon  
  89  6:54  Pylon  
  91  7:03  Stalker  
  91  7:04  Stalker x3  
  91  7:05  Observer  
  99  7:09  Pylon  
  99  7:13  Photon Cannon, Probe  
  99  7:15  Assimilator  
  100  7:17  Zealot x2  
  100  7:20  Shield Battery  
  100  7:22  Pylon  
  104  7:24  Colossus (Chrono Boost)  
  104  7:28  Gateway x2  
  109  7:44  Zealot x6  
  118  8:06  Stalker x3  
  118  8:11  Immortal  
  118  8:12  Zealot  
  115  8:30  Stalker x4  
  115  8:31  Zealot  
  125  8:38  Pylon  
  125  8:41  Pylon  
  125  8:42  Photon Cannon, Forge  
  125  8:56  Probe x2  
  125  8:58  Immortal (Chrono Boost)  
  125  9:00  Zealot x5  
  141  9:09  Pylon  
  141  9:12  Pylon  
  141  9:14  Pylon  
  139  9:18  Photon Cannon  
  139  9:21  Shield Battery  
  139  9:30  Probe, Pylon  
  134  9:31  Observer, Pylon  
  134  9:34  Warp Prism (Chrono Boost)  
  132  9:39  Zealot x2  
  132  9:40  Zealot x5  
  132  9:44  Assimilator  
  131  10:07  Probe  
  131  10:08  Zealot x2  
  131  10:09  Zealot x5  
  131  10:10  Probe  
  131  10:11  Templar Archives  
  150  10:16  Gateway  
  133  10:30  Zealot x7  
Show
View Real Time Build Order
Export as new Build Order

milkicow Terran 

Build Orders:  

Get SALT Encoding   

  12  0:00  SCV  
  13  0:12  SCV  
  14  0:17  Supply Depot  
  14  0:24  SCV  
  15  0:39  SCV  
  15  0:41  Barracks  
  16  0:46  Refinery  
  16  0:51  SCV  
  17  1:03  SCV  
  18  1:15  SCV  
  19  1:28  Orbital Command  
  19  1:36  Command Center  
  19  1:39  Marine  
  20  1:51  Factory  
  20  1:53  SCV  
  21  2:01  Supply Depot  
  21  2:05  Barracks Reactor  
  21  2:08  SCV  
  22  2:15  Refinery  
  22  2:20  SCV  
  23  2:32  SCV  
  24  2:41  Starport  
  24  2:44  SCV  
  24  2:46  Hellion x2  
  24  2:50  Orbital Command  
  29  2:56  SCV  
  30  3:06  Orbital Command  
  30  3:07  Widow Mine x2  
  30  3:09  SCV  
  35  3:18  Medivac  
  37  3:21  SCV  
  37  3:25  Supply Depot  
  38  3:29  Widow Mine  
  38  3:30  Barracks Tech Lab, Widow Mine  
  38  3:32  SCV  
  38  3:33  SCV  
  44  3:44  SCV  
  44  3:46  SCV  
  44  3:47  Barracks  
  46  3:51  Starport Tech Lab  
  46  3:56  Bunker, SCV  
  46  3:58  Supply Depot  
  46  3:59  Siege Tank, Marine  
  51  4:03  Marine  
  51  4:05  SCV  
  51  4:08  SCV  
  54  4:19  Raven, SCV  
  55  4:25  Marine x2  
  55  4:27  SCV  
  52  4:32  SCV  
  52  4:34  Supply Depot  
  53  4:40  Barracks  
  53  4:41  Siege Tank  
  53  4:43  SCV  
  53  4:44  SCV  
  58  4:47  Barracks, Engineering Bay, Refinery  
  58  4:49  Marine  
  59  4:55  SCV  
  59  4:56  SCV  
  59  4:57  Marine  
  59  4:58  Marine  
  63  5:03  Supply Depot  
  63  5:06  Marine  
  64  5:07  SCV  
  64  5:08  Stimpack, SCV  
  64  5:13  Supply Depot  
  66  5:15  Marine  
  66  5:17  Terran Infantry Weapons Level 1, Marine  
  68  5:22  SCV  
  68  5:24  Marine  
  68  5:27  Supply Depot  
  71  5:33  Marine  
  71  5:35  Marine  
  73  5:42  Marine  
  73  5:45  Barracks Reactor, SCV  
  73  5:46  Starport Reactor, Factory Reactor  
  73  5:48  SCV  
  73  5:50  Combat Shield  
  73  5:51  Marine  
  73  5:52  Marine  
  73  5:53  Marine  
  73  5:54  Command Center  
  76  5:57  Refinery  
  76  5:59  SCV  
  76  6:00  SCV, Marine  
  79  6:07  Barracks  
  79  6:08  Supply Depot  
  79  6:09  Marine  
  80  6:11  Marauder  
  80  6:13  Marauder  
  80  6:14  SCV  
  85  6:19  Missile Turret, SCV  
  86  6:26  Medivac x2  
  86  6:27  Widow Mine  
  86  6:30  Missile Turret, Supply Depot  
  92  6:33  Marauder  
  92  6:37  Marauder  
  92  6:38  Marine  
  92  6:39  Marine  
  98  6:42  SCV x2  
  98  6:45  Marine  
  101  6:49  Concussive Shells  
  101  6:52  Widow Mine x2  
  101  6:53  Supply Depot  
  105  6:55  Supply Depot  
  105  7:00  Medivac  
  106  7:02  SCV x2  
  106  7:04  Medivac  
  106  7:05  Marine  
  111  7:09  Marine  
  111  7:14  SCV x2  
  111  7:15  Marauder, Marine  
  116  7:17  Marauder, Marine  
  116  7:18  Widow Mine  
  116  7:19  Terran Infantry Armor Level 1  
  116  7:21  Marine, Widow Mine  
  124  7:23  Marine  
  124  7:26  SCV  
  126  7:30  Marine  
  127  7:37  Marauder  
  127  7:39  Marine  
  127  7:40  Widow Mine, Medivac, Marauder  
  127  7:41  SCV  
  133  7:46  Marine x2  
  133  7:47  Medivac  
  133  7:48  SCV  
  133  7:49  Orbital Command  
  138  7:57  Ghost Academy  
  138  7:58  Marauder  
  140  8:03  Marine  
  141  8:10  Supply Depot  
  141  8:11  Marauder  
  140  8:12  Supply Depot  
  140  8:13  Supply Depot  
  140  8:15  Marine  
  140  8:19  Marauder  
  141  8:20  Widow Mine  
  141  8:22  Widow Mine  
  141  8:23  Viking  
  141  8:26  Viking  
  139  8:32  SCV  
  139  8:33  Ghost  
  140  8:34  Marine  
  140  8:35  Supply Depot, Marine x2  
  140  8:36  Barracks Tech Lab  
  140  8:40  Ghost  
  147  8:44  Marine  
  147  8:46  Widow Mine  
  147  8:47  Widow Mine  
  152  8:50  Supply Depot, Refinery  
  152  8:51  SCV x3, Supply Depot, Refinery  
  152  8:57  Marine  
  152  8:58  Marauder  
  155  9:03  Marauder  
  155  9:04  Viking, Armory, Engineering Bay  
  159  9:13  Marine  
  159  9:14  Marauder  
  158  9:17  Marine  
  158  9:18  SCV  
  158  9:19  Marauder  
  158  9:20  Marine  
  154  9:24  Marauder  
  154  9:25  Marine  
  154  9:26  SCV  
  149  9:33  Marine  
  149  9:34  SCV x2  
  149  9:35  Marauder  
  152  9:41  Marauder  
  152  9:43  SCV  
  155  9:46  Marauder  
  143  10:01  SCV  
  143  10:03  Marauder, Marine x2  
  143  10:06  Viking x2  
  147  10:07  Widow Mine x2  
  147  10:08  SCV  
  147  10:13  Marauder, Marine x2  
  155  10:14  Marauder  
  155  10:17  SCV  
Tags
 
Add a new tag
Caveats
  • Supply blocks, unpowered buildings, or Contaminate may cause inaccurate times.
  • Supply counts are checked every 10 seconds.